 Dungeon Crawl Stone Soup version 0.30-a0-726-gd89dcf765f (webtiles) character file.

Game seed: 15726652065501028910

6351 oldriver the Covert (level 10, -6/91 HPs)
             Began as a Ghoul Gladiator on Jan 29, 2023.
             Was a Believer of Nemelex Xobeh.
             Mangled by a death yak simulacrum (7 damage)
             ... in an ice cave on Jan 30, 2023.
             The game lasted 00:23:16 (9524 turns).

oldriver the Covert (Ghoul Gladiator)               Turns: 9524, Time: 00:23:16

Health: -6/91      AC: 11    Str: 21    XL:     10   Next: 96%
Magic:  3/3        EV: 19    Int:  5    God:    Nemelex Xobeh [**....]
Gold:   476        SH:  0    Dex: 17    Spells: 9/9 levels left

rFire   + . .      SeeInvis .    a - +7 dagger "Unil" {antimagic, rC+ Int+2 Dex+5}
rCold   + + .      Faith    .    (no shield)
rNeg    + + +      Spirit   .    r - +3 leather armour {rF+}
rPois   ∞          Reflect  .    z - +0 helmet
rElec   .          Harm     .    v - +0 cloak
rCorr   .          Rampage  .    y - +0 pair of gloves
Will    .....                    f - +0 pair of boots
Stlth   +++                      s - amulet of regeneration
HPRegen 0.00/turn                l - +5 ring of evasion
MPRegen 0.08/turn                H - +4 ring of slaying

@: inhibited regen, studying Stealth, very slow
A: claws 1, cold resistance 1, negative energy resistance 3, inhibited
regeneration, torment resistance 2, devour on kill
a: Renounce Religion, Draw Escape, Draw Destruction, Draw Summoning


You were in an ice cave.
You worshipped Nemelex Xobeh.
Nemelex Xobeh was pleased with you.
You visited 3 branches of the dungeon, and saw 11 of its levels.
You also visited: Ossuary, Bailey and Ice Cave.

You collected 651 gold pieces.
You spent 175 gold pieces at shops.

Inventory:

Hand Weapons
 a - the +7 dagger "Unil" (weapon) {antimagic, rC+ Int+2 Dex+5}
   (You bought it in a shop on level 5 of the Dungeon)

   Int:       It affects your intelligence (+2).
   Dex:       It affects your dexterity (+5).
   rC:        It protects you from cold.
 b - a +0 sling
 D - a +0 heavy long sword
Missiles
 c - 4 throwing nets
 d - a javelin
 k - 85 stones (quivered)
Armour
 f - a +0 pair of boots (worn)
 r - a +3 leather armour of fire resistance (worn)
 v - a +0 cloak (worn)
 y - a +0 pair of gloves (worn)
 z - a +0 helmet (worn)
 I - a +2 kite shield of cold resistance
Jewellery
 l - a +5 ring of evasion (left hand)
 s - an amulet of regeneration (around neck)
 C - a +6 ring of intelligence
 H - a +4 ring of slaying (right hand)
Wands
 g - a wand of paralysis (5)
 B - a wand of flame (9)
 E - a wand of mindburst (1)
Scrolls
 j - 3 scrolls of vulnerability
 q - a scroll of enchant weapon {unknown}
 u - 7 scrolls of teleportation
 G - 2 scrolls of identify
Potions
 e - 9 potions of heal wounds
 h - 8 potions of curing
 i - 2 potions of magic
 m - a potion of might
 n - 3 potions of lignification
 o - a potion of berserk rage {unknown}
 p - 3 potions of attraction
 t - 2 potions of invisibility
 w - 5 potions of haste
 x - a potion of mutation {unknown}
 A - a potion of cancellation {unknown}
 F - 2 potions of brilliance
 J - a potion of flight {unknown}


   Skills:
 + Level 9.5 Fighting
 * Level 8.3 Short Blades
 - Level 2.0 Throwing
 + Level 4.1 Armour
 + Level 4.7 Dodging
 + Level 13.1 Stealth
 - Level 1.2 Shields
 - Level 3.2 Unarmed Combat


You had 9 spell levels left.
You didn't know any spells.
Your spell library contained the following spells:

 Spells                   Type           Power      Damage    Failure   Level
 Necrotise                Necr           0%         1d4       52%         1
 Sandblast                Erth           0%         2d4       52%         1
 Slow                     Hex            0%         N/A       52%         1
 Passwall                 Tmut/Erth      0%         N/A       67%         2
 Confusing Touch          Hex            0%         N/A       88%         3
 Stone Arrow              Conj/Erth      0%         3d7       88%         3
 Vampiric Draining        Necr           0%         2d6       88%         3
 Vhi's Electric Charge    Tloc/Air       0%         N/A       88%         3
 Manifold Assault         Tloc           0%         N/A       99%         4
 Agony                    Necr           0%         N/A       100%        5
 Arcjolt                  Conj/Air       0%         1d10      100%        5
 Dispersal                Tloc           0%         N/A       100%        6
 Disjunction              Tloc           0%         N/A       100%        8
 Maxwell's Capacitive Co  Air            0%         ∞         100%        8


Dungeon Overview and Level Annotations

Branches:
Dungeon (9/15)             Temple (1/1) D:5            Lair (1/5) D:9
Ossuary (visited)          Bailey (visited)           IceCv (1/1)
    Orc: D:9-12

Altars:
Ashenzari
Cheibriados
Fedhas
Gozag
Hepliaklqana
Kikubaaqudgha
Makhleb
Nemelex Xobeh
Okawaru
Sif Muna
Trog
Uskayaw
Vehumet
Wu Jian
Xom
Yredelemnul

Shops:
D:5 (   D:7 :[

Annotations:
D:3 1 runed translucent door, bakla's ghost, amateur DsGl
D:5 1 runed translucent door, Crazy Yiuf
D:7 2 transporters


Innate Abilities, Weirdness & Mutations

You are immune to poison.
You have sharp fingernails.
Your flesh is cold resistant. (rC+)
You are immune to negative energy. (rN+++)
You do not regenerate when monsters are visible.
You are immune to unholy pain and torment.
You thrive by killing the living.


Message History

You hit the death yak simulacrum.
The death yak simulacrum is moderately damaged.
The death yak simulacrum completely misses you.
You puncture the death yak simulacrum!
You punch the death yak simulacrum, but do no damage.
The death yak simulacrum is heavily damaged.
You hit the death yak simulacrum.
The death yak simulacrum is severely damaged.
The death yak simulacrum misses you.
Your unstable footing causes you to fumble your attack.
You hit the death yak simulacrum but do no damage.
The death yak simulacrum is severely damaged.
The death yak simulacrum gores you but does no damage.
You hit the death yak simulacrum.
The death yak simulacrum is severely damaged.
You hit the death yak simulacrum.
The death yak simulacrum is severely damaged.
The death yak simulacrum gores you but does no damage.
Your unstable footing causes you to fumble your attack.
You hit the death yak simulacrum.
The death yak simulacrum is almost destroyed.
The death yak simulacrum gores you. The death yak simulacrum freezes you!
You resist.
* * * LOW HITPOINT WARNING * * *
Your unstable footing causes you to fumble your attack.
Your unstable footing causes you to fumble your attack.
You hit the death yak simulacrum but do no damage.
The death yak simulacrum is almost destroyed.
The death yak simulacrum gores you.
* * * LOW HITPOINT WARNING * * *
The death yak simulacrum freezes you! You resist.
* * * LOW HITPOINT WARNING * * *
Your unstable footing causes you to fumble your attack.
You hit the death yak simulacrum.
The death yak simulacrum is almost destroyed.
The death yak simulacrum gores you.
* * * LOW HITPOINT WARNING * * *
The death yak simulacrum freezes you! You resist.
You die...
Your body disappears without a glow.

. .# #.. ## Z#
..#≈##≈ .#
##≈≈#≈≈ .#
#≈≈≈≈≈≈##.#
#≈≈≈≈≈≈#.#
≈≈≈≈≈≈≈#.#
≈≈≈≈≈≈~Z##
≈≈≈≈≈≈~@##
#≈≈≈≈≈#~~#
###≈≈≈###~##
#.#### ##~#
####...# ##.#
#.#.#..## #.##
##..##.#.# ###.#
#...####.###...#
##.#######.###..#


You could see a death yak simulacrum.

Vanquished Creatures
  An ice statue (IceCv)
  Maggie (D:6)
  2 komodo dragons (Lair:1)
  3 yaks
  A wyvern (D:9)
  Eustachio (D:6)
  2 steam dragons
  A death yak simulacrum (IceCv)
  Menkaure (D:6)
  A water moccasin (D:8)
  Pargi (D:3)
  2 ogres
  6 orc warriors
  3 black bears
  A centaur (D:6)
  3 phantoms
  A bullfrog (D:9)
  A necrophage (D:5)
  7 two-headed ogre simulacra (IceCv)
  A cane toad simulacrum (IceCv)
  A scorpion (D:7)
  13 killer bees
  An electric eel (Bailey)
  5 howler monkeys
  A human zombie (Ossuary)
  5 orc priests
  2 hounds
  Terence (D:2)
  An iguana (D:5)
  7 orc wizards
  5 spriggan simulacra (IceCv)
  4 troll simulacra (IceCv)
  3 wolf simulacra (IceCv)
  A hound zombie (Ossuary)
  4 mummies (Ossuary)
  5 gnolls
  5 adders
  5 naga simulacra (IceCv)
  A shadow imp (D:6)
  5 white imps (IceCv)
  7 ufetubi (IceCv)
  3 adder zombies (Ossuary)
  A worm (D:4)
  4 dart slugs
  27 orcs
  4 ball pythons
  7 endoplasms
  6 giant cockroaches
  2 gnoll zombies (Ossuary)
  7 hobgoblins
  2 quokkas (D:5)
  7 bats
  5 frilled lizards (D:1)
  15 goblins
  A jackal zombie (Ossuary)
  5 kobolds
  3 kobold zombies (Ossuary)
  5 rats
  A rat zombie (Ossuary)
  3 butterflies
230 creatures vanquished.

Vanquished Creatures (others)
  25 fungi (D:9)
  17 plants (D:9)
42 creatures vanquished.

Grand Total: 272 creatures vanquished

Notes
Turn   | Place    | Note
-------+----------+-------------------------------------------
     0 | D:1      | oldriver the Ghoul Gladiator began the quest for the Orb.
     0 | D:1      | Reached XP level 1. HP: 17/17 MP: 0/0
    73 | D:1      | Reached skill level 1 in Stealth
    73 | D:1      | Reached XP level 2. HP: 20/25 MP: 1/1
   394 | D:1      | Reached skill level 2 in Stealth
   394 | D:1      | Reached XP level 3. HP: 26/30 MP: 2/2
   917 | D:2      | Reached XP level 4. HP: 38/38 MP: 3/3
   987 | D:2      | Noticed Terence
  1005 | D:2      | Killed Terence
  1006 | D:2      | Reached skill level 3 in Stealth
  1372 | D:2      | Identified a scroll of acquirement
  1372 | D:2      | Acquired a manual of Stealth
  1403 | D:3      | Found a shimmering altar of Xom.
  1577 | D:3      | Reached XP level 5. HP: 41/46 MP: 4/4
  1580 | D:3      | Reached skill level 4 in Stealth
  1640 | D:3      | Noticed Pargi
  1654 | D:3      | Killed Pargi
  1655 | D:3      | Reached skill level 1 in Armour
  1655 | D:3      | Reached skill level 5 in Stealth
  1655 | D:3      | Reached XP level 6. HP: 33/52 MP: 5/5
  1730 | D:3      | Found a runed translucent door.
  1730 | D:3      | Noticed bakla's ghost (amateur DsGl)
  1875 | D:3      | Found an opulent altar of Gozag.
  2264 | D:4      | Noticed a black bear
  2269 | D:4      | Reached skill level 6 in Stealth
  2278 | D:4      | Killed a black bear
  2352 | D:4      | Reached skill level 7 in Stealth
  2352 | D:4      | Reached XP level 7. HP: 49/60 MP: 6/6
  2380 | D:4      | Reached skill level 5 in Fighting
  2531 | D:4      | Found a sparkling altar of Nemelex Xobeh.
  2883 | D:5      | Entered Level 5 of the Dungeon
  2924 | D:5      | Reached skill level 8 in Stealth
  2958 | D:5      | Noticed a yak
  2958 | D:5      | Noticed a yak
  2958 | D:5      | Noticed a yak
  2959 | D:5      | Noticed a yak
  3157 | D:4      | Killed a yak
  3158 | D:4      | Reached skill level 9 in Stealth
  3333 | D:4      | Upgraded the game from 0.30-a0-723-gc1506a1cf0 to
                  | 0.30-a0-726-gd89dcf765f
  3605 | D:5      | Reached skill level 10 in Stealth
  3605 | D:5      | Reached XP level 8. HP: 70/70 MP: 7/7
  3619 | D:5      | Found a runed translucent door.
  3620 | D:5      | Noticed Crazy Yiuf
  3682 | D:5      | Found a staircase to the Ecumenical Temple.
  3810 | Temple   | Entered the Ecumenical Temple
  4079 | D:4      | Became a worshipper of Nemelex Xobeh the Trickster
  4159 | D:5      | Found Tudde's Antique Weapon Emporium.
  4213 | D:5      | Bought a slimy dagger for 175 gold pieces
  4213 | D:5      | Identified the +7 dagger "Unil" {antimagic, rC+ Int+2
                  | Dex+5} (You bought it in a shop on level 5 of the Dungeon)
  4406 | D:6      | Reached skill level 11 in Stealth
  4411 | D:6      | Reached skill level 1 in Short Blades
  4674 | D:6      | Noticed Menkaure
  4676 | D:6      | Killed Menkaure
  4777 | D:6      | Noticed Maggie
  4812 | D:6      | Killed Maggie
  4936 | D:6      | Noticed Eustachio
  4967 | D:6      | Killed Eustachio
  4968 | D:6      | Reached skill level 12 in Stealth
  4968 | D:6      | Reached XP level 9. HP: 66/79 MP: 2/8
  5199 | D:7      | Found a transporter.
  5227 | D:7      | Reached skill level 5 in Short Blades
  5269 | D:7      | Found Dugudghis's Book Boutique.
  5348 | D:7      | Found a transporter.
  5363 | D:7      | Found a flagged portal.
  5426 | Bailey   | Entered a bailey
  6805 | D:7      | Found Eramirau's Armour Emporium.
  6959 | D:8      | Reached * piety under Nemelex Xobeh
  6989 | D:8      | Found a sand-covered staircase.
  6995 | Ossuary  | Entered an ossuary
  6995 | Ossuary  | Received a gift from Nemelex Xobeh
  7402 | D:8      | Found a radiant altar of Vehumet.
  7453 | D:8      | Reached XP level 10. HP: 84/90 MP: 3/9
  7472 | D:8      | Identified the +4 bardiche of Ysiegh {flame, rF+ rN+ Str+5}
  7676 | D:8      | Found an iron altar of Okawaru.
  8274 | D:9      | Reached ** piety under Nemelex Xobeh
  8346 | D:8      | Acquired a +4 ring of slaying
  8429 | D:9      | Found a staircase to the Lair.
  8687 | Lair:1   | Entered Level 1 of the Lair of Beasts
  8801 | Lair:1   | Found a frozen archway.
  8806 | IceCv    | Entered an ice cave
  8926 | IceCv    | Noticed an ice statue
  9012 | IceCv    | Killed an ice statue
  9159 | IceCv    | Reached skill level 1 in Shields
  9192 | IceCv    | Reached skill level 13 in Stealth
  9524 | IceCv    | HP: 1/91 [death yak simulacrum (5)]
  9524 | IceCv    | Mangled by a death yak simulacrum

Illustrated notes

Levels and vault maps discovered:
D:1:      dpeg_arrival_oval, layout_rooms
D:2:      layout_rooms, serial_glass, glass_columns_a, glass_columns_b,
          uniq_terence
D:3:      layout_basic, mainiacjoe_overflow_cross_hatched, xom_butterflies,
          gammafunk_ghost_grave, uniq_pargi
D:4:      layout_loops_ring, mainiacjoe_overflow_catwalk,
          mainiacjoe_overflow_surrounded_room
D:5:      layout_basic, minmay_temple_entry_poolview, serial_shops,
          nicolae_diamond_shop, minmay_misc_feat_chi, uniq_crazy_yiuf_cottage
D:6:      layout_basic, uniq_menkaure, uniq_eustachio, uniq_maggie
D:7:      layout_basic, grunt_dithmenos_smoke_and_mirrors, enter_bailey_8,
          gammafunk_ghost_abyssal_escape, serial_shops, shop,
          kennysheep_mini_moat, nicolae_shop_statue_plus
D:8:      layout_cave_pools, vehumet_altar_wand_db, kennysheep_okawaru_gauntlet,
          enter_ossuary_5
D:9:      layout_loops_ring, grunt_lair_entry_orc_guard_hut
Temple:   dshaligram_water_room_temple
Lair:1:   layout_misc_corridors, portal_ice_cave_entry_pillars_1, st_stairs_5,
          infiniplex_staircase_pool, lemuel_fruit_fields
IceCv:    ice_cave_caverns_02

Skill      XL: |  1  2  3  4  5  6  7  8  9 10 |
---------------+-------------------------------+-----
Throwing       | 2 |  2.0
Stealth        | 1 2 3 5 7 10 12 13 | 13.1
Fighting       | 3 4 5 7 8 9 |  9.5
Armour         | 1 2 4 |  4.1
Dodging        | 3 4 |  4.7
Short Blades   | 4 6 8 |  8.3
Shields        | 1 |  1.2
Unarmed Combat | |  3.2

Action                     |  1- 3 |  4- 6 |  7- 9 | 10-12 || total
---------------------------+-------+-------+-------+-------++-------
  Melee: Unarmed           |   111 |   147 |   152 |       ||   410
         Punch             |     3 |     5 |    17 |    14 ||    39
         Dagger            |       |       |   342 |   348 ||   690
   Fire: Sling             |       |       |    31 |     8 ||    39
  Throw: Stone             |     1 |       |       |       ||     1
    Use: Scroll            |       |     6 |    10 |     6 ||    22
         Potion            |       |       |     1 |       ||     1
   Stab: Sleeping          |       |     2 |    15 |     8 ||    25
         Distracted        |       |       |       |     4 ||     4
 Armour: Leather armour    |    41 |     4 |    43 |    54 ||   142
         Scale mail        |       |    60 |    50 |       ||   110
         Steam dragon scal |       |       |    14 |       ||    14
  Dodge: Dodged            |    75 |   119 |   376 |   187 ||   757

Table legend: (Time is in decaauts)
 A = Elapsed time spent in this place.
 B = Non-inter-level travel time spent in this place.
 C = Inter-level travel time spent in this place.
 D = Time resting spent in this place.
 E = Time spent auto-exploring this place.
 F = Levels seen in this place.
 G = Mean time per level.
                   A        B        C        D        E       F      G
               +--------+--------+--------+--------+--------+-----+--------+
         Total |   9298 |   8683 |    615 |   1765 |   4231 |  14 |  664.1 |
       Dungeon |   6924 |   6319 |    605 |    503 |   3816 |   9 |  769.3 |
        Temple |    148 |    139 |      9 |      0 |    100 |   1 |  148.0 |
          Lair |    110 |    110 |      0 |     45 |      0 |   1 |  110.0 |
       Ossuary |    205 |    205 |      0 |      0 |     96 |   1 |  205.0 |
        Bailey |   1265 |   1265 |      0 |   1033 |     21 |   1 | 1265.0 |
      Ice Cave |    643 |    643 |      0 |    183 |    198 |   1 |  643.0 |
               +--------+--------+--------+--------+--------+-----+--------+

Top non-repeatable levels by time:
  Bailey: 1265 daAuts
     D:5: 1076 daAuts
     D:4: 884 daAuts
     D:6: 856 daAuts
     D:3: 856 daAuts
     D:9: 824 daAuts
     D:2: 700 daAuts
     D:1: 689 daAuts
   IceCv: 643 daAuts
     D:8: 635 daAuts
     D:7: 400 daAuts
 Ossuary: 205 daAuts
  Temple: 148 daAuts
  Lair:1: 110 daAuts
